 Dungeon Crawl Stone Soup version 0.27-a0-1200-g94dc6ad4cf (webtiles) character file.

Game seed: 5291102870399892711

51 Gargoyl the Skirmisher (level 3, 0/35 HPs)
             Began as a Gnoll Abyssal Knight on May 30, 2021.
             Was a Follower of Lugonu.
             Succumbed to an adder's poison
             ... on level 2 of the Dungeon.
             The game lasted 00:01:02 (621 turns).

Gargoyl the Skirmisher (Gnoll Abyssal Knight)        Turns: 621, Time: 00:01:03

Health: 0/35       AC:  3    Str: 14    XL:     3   Next: 81%
Magic:  6/6        EV: 12    Int: 11    God:    Lugonu [*.....]
Gold:   64         SH:  0    Dex: 11    Spells: 4/4 levels left

rFire    . . .     SeeInvis .   a - +1 hand axe
rCold    . . .     Faith    .   (no shield)
rNeg     . . .     Spirit   .   b - +0 leather armour
rPois    .         Reflect  .   (helmet restricted)
rElec    .         Harm     .   (no cloak)
rCorr    .         Rampage  .   (no gloves)
Will     .....                  (no boots)
Stlth    +.........             (no amulet)
HPRegen  0.11/turn              (no ring)
MPRegen  0.10/turn              (no ring)

@: lethally poisoned (0 -> -7)
A: fangs 1, strong nose, distributed training, horns 1, talons 1, strong 1
a: Renounce Religion, Depart the Abyss


You were on level 2 of the Dungeon.
You worshipped Lugonu.
Lugonu was aware of your devotion.
You visited 1 branch of the dungeon, and saw 2 of its levels.
You visited the Abyss 1 time.

You collected 64 gold pieces.

Inventory:

Hand Weapons
 a - a +1 hand axe (weapon)
Armour
 b - a +0 leather armour (worn)
Potions
 d - a potion of flight


   Skills:
 + Level 6.5 Fighting
 + Level 1.0 Short Blades
 + Level 1.0 Long Blades
 + Level 4.6 Axes
 + Level 1.0 Maces & Flails
 + Level 1.0 Polearms
 + Level 1.0 Staves
 + Level 1.0 Slings
 + Level 1.0 Bows
 + Level 1.0 Crossbows
 + Level 1.0 Throwing
 + Level 4.6 Armour
 + Level 2.6 Dodging
 + Level 1.0 Stealth
 + Level 1.0 Shields
 + Level 1.0 Unarmed Combat
 + Level 1.0 Spellcasting
 + Level 0.7 Conjurations
 + Level 0.7 Hexes
 + Level 0.7 Summonings
 + Level 0.7 Necromancy
 + Level 0.7 Translocations
 + Level 0.7 Transmutations
 + Level 0.7 Fire Magic
 + Level 0.7 Ice Magic
 + Level 0.7 Air Magic
 + Level 0.7 Earth Magic
 + Level 0.7 Poison Magic
 + Level 4.6 Invocations
 + Level 1.0 Evocations


You had 4 spell levels left.
You didn't know any spells.
Your spell library was empty.

Dungeon Overview and Level Annotations

Branches:
Dungeon (2/15)

Altars:


Innate Abilities, Weirdness & Mutations

You have very sharp teeth.
Your uncanny sense of smell can sniff out nearby items.
Your experience applies equally to all skills.
You have a pair of small horns on your head.
You have sharp toenails.
Your muscles are strong. (Str +2)


Message History

You hit the adder.
The adder is heavily wounded.
You feel sick. The adder bites you.
* * * LOW HITPOINT WARNING * * *
You are lethally poisoned!
The adder poisons you! The bat hits you.
* * * LOW HITPOINT WARNING * * *
The adder misses you.
Unknown command.
You miss the adder.
The adder is heavily wounded.
You miss the bat.
* * * LOW HITPOINT WARNING * * *
You feel very sick.
The bat closely misses you. x2; The adder bites you but does no damage.
You slash the adder!
You kill the adder!
Lugonu accepts your kill.
You miss the bat.
* * * LOW HITPOINT WARNING * * *
You feel sick. The bat barely misses you. The bat hits you.
* * * LOW HITPOINT WARNING * * *
Your Short Blades skill increases to level 1!
Your Long Blades skill increases to level 1!
Your Maces & Flails skill increases to level 1!
Your Polearms skill increases to level 1!
Your Staves skill increases to level 1!
Your Slings skill increases to level 1!
Your Bows skill increases to level 1!
Your Crossbows skill increases to level 1!
Your Throwing skill increases to level 1!
Your Stealth skill increases to level 1!
Your Shields skill increases to level 1!
Your Unarmed Combat skill increases to level 1!
Your Spellcasting skill increases to level 1!
Your Evocations skill increases to level 1!
Unknown command.
It was a potion of mutation.
You feel extremely strange. A pair of horns grows on your head!
You feel stronger.
Your toenails lengthen and sharpen.
You die...

..$ ########.# ....
#........# ....
#........# .....
#........#
....?##............
#..............
#..............
..###..b..$........
.......@......>....
..#.......###......
#.......# .....
#.......#
......#..# .##...#
..# #..# ### ..#


You could see a bat.

Vanquished Creatures
  A jelly (Abyss:1)
  An adder (D:2)
  A dart slug (D:1)
  A bat (D:1)
  2 goblins (D:1)
  A hobgoblin (D:1)
  A quokka (D:1)
  A ball python (D:2)
  2 frilled lizards
  A rat (D:1)
12 creatures vanquished.

Notes
Turn   | Place    | Note
-------+----------+-------------------------------------------
     0 | Abyss:1  | Gargoyl the Gnoll Abyssal Knight began the quest for the
                  | Orb.
     0 | Abyss:1  | Reached XP level 1. HP: 23/23 MP: 3/3
    30 | Abyss:1  | Found a corrupted altar of Lugonu.
    66 | Abyss:1  | Noticed a small abomination
    69 | Abyss:1  | Noticed a jelly
    76 | Abyss:1  | Killed a jelly
    77 | Abyss:1  | Reached XP level 2. HP: 28/29 MP: 5/5
    77 | Abyss:1  | Reached XP level 3. HP: 34/35 MP: 6/6
    84 | Abyss:1  | Noticed a thrashing horror
    86 | D:1      | Escaped the Abyss
   592 | D:2      | Reached * piety under Lugonu
   621 | D:2      | Reached skill level 1 in Short Blades
   621 | D:2      | Reached skill level 1 in Long Blades
   621 | D:2      | Reached skill level 1 in Maces & Flails
   621 | D:2      | Reached skill level 1 in Polearms
   621 | D:2      | Reached skill level 1 in Staves
   621 | D:2      | Reached skill level 1 in Slings
   621 | D:2      | Reached skill level 1 in Bows
   621 | D:2      | Reached skill level 1 in Crossbows
   621 | D:2      | Reached skill level 1 in Throwing
   621 | D:2      | Reached skill level 1 in Stealth
   621 | D:2      | Reached skill level 1 in Shields
   621 | D:2      | Reached skill level 1 in Unarmed Combat
   621 | D:2      | Reached skill level 1 in Spellcasting
   621 | D:2      | Reached skill level 1 in Evocations
   621 | D:2      | Gained mutation: You have a pair of small horns on your
                  | head. [potion of mutation]
   621 | D:2      | Gained mutation: Your muscles are strong. (Str +2) [potion
                  | of mutation]
   621 | D:2      | Gained mutation: You have sharp toenails. [potion of
                  | mutation]
   621 | D:2      | Succumbed to an adder's poison

Illustrated notes

Levels and vault maps discovered:
D:1:      minmay_arrival_shattered_statue, layout_rooms
D:2:      layout_basic, basic_ecumenical_altar, minivault_26, minivault_4

Skill      XL: |  1  2  3 |
---------------+----------+-----
Short Blades   | 1 |  1.0
Long Blades    | 1 |  1.0
Maces & Flails | 1 |  1.0
Polearms       | 1 |  1.0
Staves         | 1 |  1.0
Slings         | 1 |  1.0
Bows           | 1 |  1.0
Crossbows      | 1 |  1.0
Throwing       | 1 |  1.0
Stealth        | 1 |  1.0
Shields        | 1 |  1.0
Unarmed Combat | 1 |  1.0
Spellcasting   | 1 |  1.0
Evocations     | 1 |  1.0
Fighting       | |  6.5
Axes           | |  4.6
Armour         | |  4.6
Dodging        | |  2.6
Conjurations   | |  0.7
Hexes          | |  0.7
Summonings     | |  0.7
Necromancy     | |  0.7
Translocations | |  0.7
Transmutations | |  0.7
Fire Magic     | |  0.7
Ice Magic      | |  0.7
Air Magic      | |  0.7
Earth Magic    | |  0.7
Poison Magic   | |  0.7
Invocations    | |  4.6

Action                   || total
-------------------------++-------
Melee: Hand axe          ||    39
       Bite              ||     1
Invok: Depart the Abyss  ||     1
  Use: Scroll            ||     4
       Potion            ||     1
Armor: Leather armour    ||    13
Dodge: Dodged            ||    35

Table legend: (Time is in decaauts)
 A = Elapsed time spent in this place.
 B = Non-inter-level travel time spent in this place.
 C = Inter-level travel time spent in this place.
 D = Time resting spent in this place.
 E = Time spent auto-exploring this place.
 F = Levels seen in this place.
 G = Mean time per level.
                   A        B        C        D        E       F      G
               +--------+--------+--------+--------+--------+-----+--------+
         Total |    623 |    600 |     23 |      0 |    460 |   3 |  207.7 |
       Dungeon |    537 |    514 |     23 |      0 |    394 |   2 |  268.5 |
         Abyss |     86 |     86 |      0 |      0 |     66 |   1 |   86.0 |
               +--------+--------+--------+--------+--------+-----+--------+

Top non-repeatable levels by time:
     D:1: 502 daAuts
 Abyss:1: 86 daAuts
     D:2: 34 daAuts
